Description

This is an incredibly powerful skytoss build for PvP. Harstem destroyed Stats 2-0 with it.

VOD

https://www.youtube.com/watch?v=9hynTX4OhI4

Replay - Harstem v Stats: Game 1 - Abyssal Reef LE

Build Order

Get SALT Encoding   

  12  0:00  Probe (Chrono Boost)  
  13  0:11  Probe (Chrono Boost)  
  14  0:17  Pylon  
  14  0:22  Probe (Chrono Boost)  
  16  0:36  Probe (Chrono Boost)  
  16  0:38  Gateway  
  16  0:46  Probe (Chrono Boost)  
  16  0:47  Assimilator  
  17  0:53  Assimilator  
  17  0:57  Probe (Chrono Boost)  
  18  1:07  Probe (Chrono Boost)  
  18  1:08  Gateway  
  19  1:18  Probe (Chrono Boost)  
  20  1:25  Cybernetics Core  
  20  1:28  Probe (Chrono Boost)  
  20  1:32  Pylon  
  21  1:39  Probe (Chrono Boost)  
  23  1:57  Warp Gate  
  23  1:59  Stalker  
  27  2:09  Pylon  
  27  2:24  Nexus  
  25  2:33  Stargate  
  26  2:46  Stalker  
  30  3:11  Pylon  
  30  3:14  Oracle  
  30  3:15  Mothership Core (Chrono Boost)  
  37  3:42  Robotics Facility  
  42  4:00  Assimilator  
  43  4:05  Pylon  
  44  4:17  Void Ray  
  49  4:27  Immortal  
  56  4:45  Sentry, Adept  
  61  4:54  Assimilator  
  62  5:07  Immortal  
  70  5:27  Void Ray  
  76  5:42  Stargate  
  77  5:44  Observer  
  77  5:49  Sentry, Adept  
  83  6:05  Robotics Bay  
  83  6:09  Immortal  
  83  6:10  Nexus  
  89  6:26  Void Ray  
  95  6:40  Forge  
  95  6:43  Void Ray  
  100  6:55  Disruptor  
  104  7:05  Protoss Air Weapons Level 1  
  104  7:11  Void Ray  
  108  7:20  Assimilator x2  
  108  7:26  Photon Cannon x2  
  109  7:32  Void Ray  
  115  7:55  Disruptor  
  118  8:01  Void Ray  
  126  8:10  Adept x2  
  126  8:11  Photon Cannon  
  131  8:16  Void Ray  
  131  8:26  Disruptor  
  135  8:29  Photon Cannon  
  138  8:41  Zealot  
  140  8:45  Adept  
  142  8:50  Void Ray  
  143  8:56  Photon Cannon  
  143  8:57  Disruptor  
  143  9:00  Fleet Beacon  
  151  9:03  Photon Cannon x2  
  151  9:08  Void Ray  
  149  9:32  Carrier  
  149  9:37  Stargate  
  156  9:46  Protoss Air Weapons Level 2  
  156  9:59  Carrier  
Spawning Tool Build Advisor. Get it on Overwolf

Go to:

Details

  • Created by: PiG      
  • Published on: Mar 21, 2017
  • Modified on: Mar 21, 2017
  • Patch: 3.8.0
Show
View Real Time Build Order
Export as new Build Order

Comments (0)

There are no comments. Be the first!

Create an account to comment!